 Dungeon Crawl Stone Soup version 0.22-a0-848-ge9e22a0 (webtiles) character file.

3052 Amnesiac the Geomancer (level 9, -20/57 HPs)
             Began as a Mummy Earth Elementalist on July 26, 2018.
             Was a Follower of Vehumet.
             Demolished by a two-headed ogre
             ... wielding a +0 giant club
              (26 damage)
             ... on level 8 of the Dungeon.
             The game lasted 00:13:36 (7959 turns).

Amnesiac the Geomancer (Mummy Earth Elementalist)   Turns: 7959, Time: 00:13:36

Health: -20/57     AC:  7    Str: 11    XL:     9   Next: 57%
Magic:  16/22      EV: 17    Int: 18    God:    Vehumet [*.....]
Gold:   370        SH:  0    Dex: 14    Spells: 11/26 levels left

rFire    x . .     SeeInvis .   a - staff of wizardry
rCold    + . .     Gourm    .   (no shield)
rNeg     + + +     Faith    .   u - +2 animal skin
rPois    ∞         Spirit   .   f - +1 helmet
rElec    .         Reflect  .   s - +0 cloak
rCorr    .         Harm     .   (no gloves)
MR       +....                  (no boots)
Stlth    ++........             (no amulet)
HPRegen  0.19/turn              n - ring of wizardry
MPRegen  0.18/turn              j - ring of the Queen {EV+5 Dex+2}

@: no status effects
A: no food or potions, fire vulnerability, cold resistance 1, negative energy
resistance 3, torment resistance, unbreathing
a: Renounce Religion


You were on level 8 of the Dungeon.
You worshipped Vehumet.
Vehumet was aware of your devotion.
You were not hungry.

You visited 2 branches of the dungeon, and saw 9 of its levels.

You collected 370 gold pieces.

Inventory:

Hand Weapons
 b - a +2 morningstar of freezing
 c - a +0 hunting sling
 e - a +0 dagger
Missiles
 q - 66 stones (quivered)
 r - 34 sling bullets
Armour
 f - a +1 helmet (worn)
 s - a +0 cloak (worn)
 u - a +2 animal skin (worn)
Magical Staves
 a - an uncursed staff of wizardry (weapon)
Jewellery
 h - an uncursed ring of see invisible
 j - the ring of the Queen (right hand) {EV+5 Dex+2}
   (You found it on level 7 of the Dungeon)

   [ring of evasion]

   It affects your evasion (+5).
   It affects your dexterity (+2).
 n - a ring of wizardry (left hand)
Wands
 t - a wand of enslavement (18)
Scrolls
 d - 3 scrolls of teleportation {!r}
 g - a scroll of blinking {!r, unknown}
 i - a scroll of amnesia {!r}
 k - 6 scrolls of identify {!r}
 l - 2 scrolls of remove curse {!r}
 m - 3 scrolls of fog {!r}
 o - a scroll of enchant armour {!r}
 p - a scroll of magic mapping {!r}


   Skills:
 - Level 1.5 Dodging
 - Level 1.5 Stealth
 + Level 9.0 Spellcasting
 - Level 0.7 Transmutations
 + Level 9.9 Earth Magic


You had 11 spell levels left.
You knew the following spells:

 Your Spells              Type           Power        Failure   Level  Hunger
a - Sandblast             Erth           #####.       1%          1    N/A
b - Passwall              Tmut/Erth      ####....     1%          2    N/A
c - Stone Arrow           Conj/Erth      ####..       1%          3    N/A
d - Lee's Rapid Deconstr  Erth           #####.....   1%          5    N/A
e - Petrify               Tmut/Erth      ####....     2%          4    N/A

Your spell library contained the following spells:

 Spells                   Type           Power        Failure   Level  Hunger
 Spider Form              Tmut/Pois      #.........   6%          3    N/A
 Blade Hands              Tmut           ##........   41%         5    N/A
 Ice Form                 Ice/Tmut       #.......     19%         4    N/A
 Sticks to Snakes         Tmut           ##......     2%          2    N/A
 Beastly Appendage        Tmut           ##....       1%          1    N/A

Dungeon Overview and Level Annotations

Branches:
Dungeon (8/15)             Temple (1/1) D:6
   Lair: D:8-11

Altars:
Ashenzari
Cheibriados
Dithmenos
Elyvilon
Fedhas
Gozag
Hepliaklqana
Makhleb
Nemelex Xobeh
Okawaru
Qazlal
Ru
Sif Muna
Trog
Uskayaw
Vehumet
Wu Jian
Xom
Yredelemnul
Zin
The Shining One


Innate Abilities, Weirdness & Mutations

You do not eat or drink.
Your flesh is vulnerable to fire.
You are immune to poison.
Your flesh is cold resistant. (rC+)
You are immune to negative energy. (rN+++)
You are immune to unholy pain and torment.
You can survive without breathing.


Message History

2 kobolds and a big kobold come into view.
The big kobold shouts!
You hear a shout!
The kobold shouts! x2
You hear two shouts!
There is a stone staircase leading up here.
Casting: Lee's Rapid Deconstruction (safe; 1% risk of failure)
Confirm with . or Enter, or press ? or * to list all spells.
Aiming: Sandblast (safe; 1% risk of failure)
Press: ? - help, Shift-Dir - straight line, f - kobold
Aim: a kobold, wielding a short sword The blast of sand hits the kobold.
You kill the kobold!
Vehumet accepts your kill.
q - 71 stones The big kobold throws a stone.
The stone barely misses you.
Casting: Sandblast (safe; 1% risk of failure)
Confirm with . or Enter, or press ? or * to list all spells.
Aiming: Sandblast (safe; 1% risk of failure)
Press: ? - help, Shift-Dir - straight line, f - big kobold
Aim: a big kobold, wielding a short sword The blast of sand hits the big kobold.
The big kobold is almost dead.
q - 70 stones The big kobold throws a stone.
The stone hits you.
Casting: Sandblast (safe; 1% risk of failure)
Confirm with . or Enter, or press ? or * to list all spells.
Aiming: Sandblast (safe; 1% risk of failure)
Press: ? - help, Shift-Dir - straight line, f/p - big kobold
Aim: a big kobold, wielding a short sword (almost dead)
The blast of sand hits the big kobold.
You kill the big kobold!
Vehumet accepts your kill.
Your Spellcasting skill increases to level 9!
q - 69 stones A two-headed ogre comes into view.
It is wielding a giant club and a giant spiked club.
Casting: Sandblast (safe; 1% risk of failure)
Confirm with . or Enter, or press ? or * to list all spells.
Aiming: Sandblast (safe; 1% risk of failure)
Press: ? - help, Shift-Dir - straight line, f - two-headed ogre
Aim: a two-headed ogre, wielding a giant club and a giant spiked club The blast of sand misses the two-headed ogre.
q - 68 stones
Casting: Sandblast (safe; 1% risk of failure)
Confirm with . or Enter, or press ? or * to list all spells.
Aiming: Sandblast (safe; 1% risk of failure)
Press: ? - help, Shift-Dir - straight line, f/p - two-headed ogre
Aim: a two-headed ogre, wielding a giant club and a giant spiked club The blast of sand hits the two-headed ogre.
The two-headed ogre is moderately wounded.
q - 67 stones The two-headed ogre hits you with a giant club!!
* * * LOW HITPOINT WARNING * * *
The two-headed ogre hits you with a giant spiked club!!
* * * LOW HITPOINT WARNING * * *
Casting: Sandblast (safe; 1% risk of failure)
Confirm with . or Enter, or press ? or * to list all spells.
Aiming: Sandblast (safe; 1% risk of failure)
Press: ? - help, Shift-Dir - straight line, f/p - two-headed ogre
Aim: a two-headed ogre, wielding a giant club and a giant spiked club (moderately wounded)
The blast of sand hits the two-headed ogre.
The two-headed ogre is severely wounded.
q - 66 stones A kobold comes into view. It is wielding a whip of electrocution.
The two-headed ogre hits you with a giant club!!
You die...

###
#..
...
#.#
..
#.#
..#.#
.#)##


KK. #O## #@.# #### You could see a two-headed ogre and 2 kobolds.

Vanquished Creatures
  Grinder (D:5)
  A spriggan (D:7)
  Sigmund (D:5)
  An orc warrior (D:6)
  A phantom (D:5)
  An ice beast (D:6)
  3 ogres
  3 centaurs
  A big kobold (D:8)
  7 bullfrogs
  4 scorpions
  A howler monkey (D:6)
  2 bullfrog zombies (D:5)
  2 crimson imps
  A hound (D:7)
  A centaur zombie (D:5)
  A jelly (D:5)
  9 orc wizards
  A centaur skeleton (D:6)
  4 orc priests
  6 worker ants
  A hound zombie (D:6)
  A hound skeleton (D:6)
  Robin (D:2)
  10 adders
  A gnoll (D:1)
  A shadow imp (D:6)
  2 adder skeletons
  5 worms
  3 leopard geckos
  29 orcs
  5 bats
  4 giant cockroaches
  12 goblins
  7 hobgoblins
  15 jackals
  7 kobolds
  3 quokkas
  2 ball pythons
  3 frilled lizards
  A jackal skeleton (D:5)
  2 quokka skeletons
  A quokka zombie (D:5)
  3 rats
  A spectral orc (D:5)
172 creatures vanquished.

Vanquished Creatures (others)
  9 fungi (D:6)
9 creatures vanquished.

Grand Total: 181 creatures vanquished

Notes
Turn   | Place    | Note
-------+----------+-------------------------------------------
     0 | D:1      | Amnesiac the Mummy Earth Elementalist began the quest for the Orb.
     0 | D:1      | Reached XP level 1. HP: 13/13 MP: 4/4
   644 | D:4      | Reached XP level 2. HP: 19/19 MP: 3/5
   648 | D:4      | Learned a level 2 spell: Passwall
   847 | D:5      | Entered Level 5 of the Dungeon
   878 | D:3      | Reached XP level 3. HP: 24/24 MP: 4/7
   883 | D:3      | Learned a level 3 spell: Stone Arrow
  1020 | D:4      | Noticed an ogre
  1028 | D:4      | Killed an ogre
  1028 | D:4      | Reached XP level 4. HP: 30/30 MP: 2/10
  1039 | D:4      | Learned a level 4 spell: Petrify
  1403 | D:4      | Reached XP level 5. HP: 35/35 MP: 5/11
  1830 | D:5      | Reached XP level 6. HP: 31/41 MP: 10/13
  2108 | D:5      | Found a basalt altar of Yredelemnul.
  2180 | D:5      | Reached skill level 5 in Spellcasting
  2180 | D:5      | Reached skill level 5 in Earth Magic
  2259 | D:5      | Learned a level 5 spell: Lee's Rapid Deconstruction
  2709 | D:5      | Noticed Sigmund
  2758 | D:5      | Killed Sigmund
  2758 | D:5      | Reached XP level 7. HP: 29/46 MP: 8/16
  3281 | D:5      | Noticed Grinder
  3286 | D:5      | Killed Grinder
  3286 | D:5      | Reached XP level 8. HP: 50/52 MP: 11/18
  3861 | D:6      | Found a stormy altar of Qazlal.
  4068 | D:7      | Found a sparkling altar of Nemelex Xobeh.
  4105 | D:7      | Got a wavering granite ring
  4108 | D:7      | Identified the ring of the Queen {EV+5 Dex+2} (You found it on level 7 of the Dungeon)
  4473 | D:7      | Identified a scroll of acquirement {!r}
  4498 | D:7      | Reached XP level 9. HP: 57/57 MP: 18/21
  5403 | D:6      | Found a blossoming altar of Fedhas.
  5768 | D:6      | Found a staircase to the Ecumenical Temple.
  5777 | Temple   | Entered the Ecumenical Temple
  5992 | Temple   | Became a worshipper of Vehumet
  7036 | D:2      | Noticed Robin
  7041 | D:2      | Reached * piety under Vehumet
  7041 | D:2      | Offered knowledge of Magic Dart by Vehumet.
  7047 | D:2      | Found a snail-covered altar of Cheibriados.
  7061 | D:2      | Killed Robin
  7685 | D:3      | Found a deep blue altar of Sif Muna.
  7956 | D:8      | Noticed a two-headed ogre
  7959 | D:8      | Demolished by a two-headed ogre

Vault maps used:
D:1:      nicolae_arrival_somewhat_less_tricky_arrival
D:2:      cheibriados_altar_1, serial_park_tiny_pond, uniq_robin
D:3:      lemuel_crystal_altar, grunt_ministairs_14
D:4:      kennysheep_spiral_hall, corexii_leaking_fountain
D:5:      yredelemnul_forgotten_temple_becter, first_ration, uniq_sigmund,
          uniq_grinder
D:6:      fedhas_altar_3, nicolae_qazlal_general_emergency, temple_fountains
D:7:      kennysheep_mini_moat, the_bakery, corner_web_ring
D:8:      old_standard_altar, st_stairs_13, worms_lemuel
Temple:   regret_index_temple_generic_petals

Skill      XL: |  1  2  3  4  5  6  7  8  9 |
---------------+----------------------------+-----
Spellcasting   | 3 4 6 7 8 9 |  9.0
Earth Magic    | 3 4 5 7 8 9 |  9.9
Dodging        | |  1.5
Stealth        | |  1.5
Transmutations | |  0.7

Action                   |  1- 3 |  4- 6 |  7- 9 || total
-------------------------+-------+-------+-------++-------
Melee: Dagger            |    10 |       |       ||    10
       Morningstar       |       |    42 |    40 ||    82
       Staff             |       |       |    43 ||    43
 Fire: Hunting sling     |    18 |    35 |       ||    53
Throw: Stone             |       |       |     1 ||     1
 Cast: Sandblast         |    22 |    47 |   130 ||   199
       Lee's Rapid Decon |       |       |    11 ||    11
       Stone Arrow       |       |       |    37 ||    37
  Use: Scroll            |       |     7 |     4 ||    11
 Stab: Sleeping          |       |       |     1 ||     1
Armor: Robe              |     2 |       |       ||     2
       Leather armour    |       |    18 |    43 ||    61
       Animal skin       |       |       |     7 ||     7
Dodge: Dodged            |    11 |    43 |   179 ||   233

Table legend:
 A = Spawn XP
 B = Non-spawn XP
 C = Spawn XP percentage of total XP
 D = Spawn monster count
 E = Non-spawn monster count
 F = Spawn count percentage of total count
 G = Total turns spent on level
                    A         B        C        D         E        F      G
               +---------+---------+-------+---------+---------+-------+---------
         Total |       0 |    4361 |   0.0 |       0 |     172 |   0.0 |  7959
               +---------+---------+-------+---------+---------+-------+---------
           D:1 |       0 |      21 |   0.0 |       0 |       6 |   0.0 |   759
           D:2 |       0 |     133 |   0.0 |       0 |      35 |   0.0 |   694
           D:3 |       0 |     216 |   0.0 |       0 |      19 |   0.0 |   727
           D:4 |       0 |     357 |   0.0 |       0 |      22 |   0.0 |  1153
           D:5 |       0 |    1481 |   0.0 |       0 |      37 |   0.0 |  2045
           D:6 |       0 |    1043 |   0.0 |       0 |      31 |   0.0 |   889
           D:7 |       0 |    1005 |   0.0 |       0 |      20 |   0.0 |  1443
           D:8 |       0 |     105 |   0.0 |       0 |       2 |   0.0 |     6
               +---------+---------+-------+---------+---------+-------+---------
